AoeStats
← tonytctang

Pilgrims

507250882Analyzed
4v4 RM · 14d ago on Sep 17, 2026· 40m 58s· 8 players
Game mode
Random Map
Map size
Large (8 player)
Population
200
Speed
Normal
Resources
Standard
Victory
Conquest
Starting age
Dark Age
Ending age
Imperial Age
RankedLock teamsTeams togetherTeam positionsShared explorationLock speedFull tech treeHidden civsTurbo modeCheats
Victory
Defeat
🇭🇰 Saracens · Hong Kong SAR China
1152
+14
🇰🇷 Koreans · South Korea
1151
+14
🇨🇳 Khitans · China
1130
+15
1127
+15
🇯🇴 Goths · Jordan
1150
-16
🇦🇺 Italians · Australia
1140
-16
🇨🇳 Huns · China
1080
-13
🇮🇱 Burgundians · Israel
1061
-13
HaBeeMo
4:33 Loom
12:04 Feudal Age
14:07 Double-Bit Axe
16:00 Fishing Lines
20:35 Castle Age
19:07 Fletching
20:40 Stone Mining
20:35 Horse Collar
22:12 Gillnets
23:31 Bow Saw
24:54 Wheelbarrow
26:23 Scale Mail Armor
26:46 Gold Mining
28:42 Heavy Plow
29:01 Forging
31:14 Hand Cart
32:12 Masonry
32:15 Clinker Construction
32:15 Careening
37:11 Imperial Age
35:55 Ballistics
35:39 Squires
35:24 Arson
36:20 Bodkin Arrow
36:48 Fortified Wall
37:18 Murder Holes
38:54 Chemistry
39:50 Two-Man Saw
39:29 Conscription
40:05 Arrowslits
40:38 Bracer
uu
13:35 Feudal Age
14:02 Loom
14:44 Double-Bit Axe
16:56 Domestication
20:27 Castle Age
18:58 Fletching
19:09 Padded Archer Armor
20:05 Gold Mining
20:41 Heavy Cavalry Archer
21:19 Bodkin Arrow
21:39 Leather Archer Armor
22:03 Pastoralism
24:24 Wheelbarrow
24:25 Bow Saw
25:11 Husbandry
26:35 Ballistics
28:09 Hand Cart
28:55 Thumb Ring
35:30 Imperial Age
36:27 Bracer
36:32 Stone Mining
38:43 Ring Archer Armor
39:17 Chemistry
41:38 Parthian Tactics
tonytctang
6:51 Loom
14:14 Feudal Age
15:17 Gold Mining
15:35 Double-Bit Axe
15:48 Horse Collar
18:42 Wheelbarrow
23:53 Castle Age
22:24 Fletching
26:04 Wheelbarrow
25:14 Town Watch
26:53 Stone Mining
32:39 Forging
38:54 Bow Saw
39:37 Hand Cart
39:37 Fishing Lines
40:45 Gillnets
我的要强在作怪
13:54 Feudal Age
15:22 Loom
18:04 Castle Age
16:02 Fletching
16:12 Padded Archer Armor
17:54 Double-Bit Axe
18:04 Stone Mining
18:52 Bodkin Arrow
19:12 Leather Archer Armor
20:24 Medium Warships
20:45 Bow Saw
23:06 Wheelbarrow
22:16 Town Watch
23:10 Wheelbarrow
32:23 Imperial Age
31:16 Hand Cart
31:02 Town Patrol
31:44 Fishing Lines
33:47 Conscription
35:46 Chemistry
34:32 Treadmill Crane
35:14 Ballistics
35:21 Town Patrol
38:57 Elite Genoese Crossbowman
Shaheen
5:54 Loom
8:53 Double-Bit Axe
14:57 Feudal Age
13:58 Horse Collar
15:57 Bow Saw
15:57 Gold Mining
18:16 Town Watch
22:20 Castle Age
20:56 Wheelbarrow
20:37 Stone Mining
20:50 Heavy Plow
22:45 Forging
22:41 Scale Barding Armor
23:35 Husbandry
22:55 Light Cavalry
24:16 Gold Shaft Mining
23:48 Cavalier
29:51 Stone Shaft Mining
30:21 Two-Man Saw
31:54 Elite Skirmisher
33:08 Padded Archer Armor
32:58 Fletching
34:14 Fletching
离岛
11:39 Feudal Age
16:19 Castle Age
14:24 Gold Mining
14:37 Stone Mining
14:34 Double-Bit Axe
17:37 Husbandry
17:48 Bloodlines
18:11 Loom
21:30 Scale Barding Armor
21:36 Forging
30:02 Horse Collar
36:47 Imperial Age
33:49 Elite Skirmisher
34:43 Fletching
39:21 Padded Archer Armor
Trollociraptor
14:32 Feudal Age
15:17 Town Watch
17:02 Double-Bit Axe
21:13 Castle Age
20:17 Fletching
20:28 Padded Archer Armor
26:52 Crossbowman
27:29 Bodkin Arrow
33:40 Imperial Age
34:02 Leather Archer Armor
36:13 Chemistry
35:50 Arbalester
JorDaN
9:07 Loom
14:06 Feudal Age
14:14 Man-at-Arms
18:48 Castle Age
19:10 Double-Bit Axe
20:51 Bow Saw
20:59 Gold Mining
20:55 Horse Collar
22:03 Pikeman
22:44 Squires
23:57 Wheelbarrow
26:30 Forging
26:21 Scale Mail Armor
33:33 Imperial Age
33:30 Heavy Plow
34:13 Hand Cart
34:56 Crop Rotation
35:35 Chemistry
35:45 Two-Man Saw
38:11 Anarchy
37:32 Elite Huskarl
Connection lost

Rejoining the realm…

Still unreachable

The connection could not be restored.

Session expired

The server has moved on; the page needs a fresh start.